Get step-by-step instructions on how to execute this build order below. Start the game timer, and the build order will tick by so you can play in parallel with StarCraft on a second screen or mobile device.

Game Time

  0:00

Last Step

  N/A

Next Step

Upcoming Step



Don't want to look back and forth between 2 screens? Try out our Overwolf App, the Spawning Tool Build Advisor to get an in-game overlay with this build!

Complete Build Order

  12  0:02  SCV  
  13  0:14  SCV  
  14  0:22  Supply Depot  
  14  0:26  SCV  
  15  0:44  Barracks  
  15  0:47  Refinery  
  15  0:52  Barracks  
  15  0:57  SCV  
  16  1:09  SCV  
  17  1:21  SCV  
  18  1:32  Reaper  
  19  1:35  Orbital Command  
  19  1:49  Reaper  
  20  1:59  Command Center  
  20  2:02  SCV  
  21  2:09  Reaper  
  22  2:18  SCV  
  22  2:20  Refinery  
  22  2:22  Supply Depot  
  23  2:26  Barracks Reactor  
  23  2:41  Barracks Tech Lab  
  23  2:43  SCV  
  24  2:55  SCV  
  25  2:59  Marine  
  25  3:00  Factory  
  25  3:03  Marine  
  27  3:07  SCV  
  29  3:17  Marine  
  29  3:18  Orbital Command  
  29  3:19  Stimpack  
  29  3:23  SCV  
  30  3:27  Marine  
  30  3:35  Marine, SCV  
  30  3:38  Marine  
  32  3:44  Factory Tech Lab  
  32  3:45  Starport  
  32  3:46  SCV  
  32  3:47  SCV  
  34  3:49  Marine  
  35  3:56  Marine  
  35  3:59  SCV x2  
  35  4:00  Marine  
  39  4:03  Siege Tank  
  39  4:09  Supply Depot  
  42  4:11  SCV x2  
  42  4:16  Marine  
  45  4:23  SCV  
  46  4:27  Supply Depot  
  46  4:28  Starport Reactor  
  46  4:30  Marine  
  48  4:33  Supply Depot  
  48  4:35  Siege Tank, Marine  
  48  4:37  SCV x2  
  53  4:41  Marine  
  53  4:49  SCV x2  
  53  4:52  Supply Depot  
  55  4:53  Marine x2  
  57  5:01  SCV x2  
  59  5:12  Command Center  
  59  5:13  SCV x2  
  61  5:15  Medivac  
  61  5:17  Marine  
  61  5:18  Marine  
  61  5:19  Marine  
  66  5:25  SCV  
  66  5:27  SCV  
  66  5:28  Refinery  
  68  5:29  Refinery  
  68  5:35  Marine, Engineering Bay x2  
  69  5:36  Medivac  
  69  5:40  SCV x2  
  69  5:42  Marine x2  
  75  5:52  SCV  
  75  5:56  Medivac  
  78  6:01  Supply Depot  
  78  6:08  Barracks  
  78  6:11  Supply Depot  
  78  6:16  Barracks x2  
  78  6:17  Bunker  
  78  6:18  Siege Tank  
  78  6:20  Bunker  
  78  6:23  SCV  
  82  6:26  Orbital Command  
  82  6:27  Barracks Reactor  
  82  6:31  Liberator  
  85  6:38  SCV x2  
  87  6:40  Terran Infantry Weapons Level 1, Terran Infantry Armor Level 1  
  87  6:46  Liberator  
  88  6:48  Barracks Reactor  
  88  6:50  SCV x2  
  90  6:56  SCV  
  90  6:59  Siege Tank  
  94  7:04  Barracks Tech Lab  
  94  7:05  Barracks Tech Lab  
  94  7:07  Barracks Reactor  
  94  7:09  Supply Depot  
  94  7:11  Barracks Reactor  
  94  7:13  SCV  
  94  7:14  Supply Depot  
  94  7:15  Barracks Tech Lab, SCV  
  95  7:16  SCV  
  95  7:18  Supply Depot  
  97  7:23  Marine x2  
  97  7:27  Combat Shield, Concussive Shells, Supply Depot  
  99  7:33  Marine  
  100  7:40  SCV x2  
  100  7:41  Marauder x2  
  104  7:47  Medivac x2  
  104  7:48  Orbital Command  
  104  7:51  Marine  
  109  7:52  Marine x2, SCV  
  109  7:57  Siege Tank  
  109  7:58  Barracks  
  115  8:02  Marine x2  
  117  8:08  Marine  
  117  8:09  SCV  
  117  8:10  Marine x2  
  111  8:16  SCV x2  
  113  8:20  Marauder, Marine  
  113  8:21  SCV  
  113  8:25  Medivac x2  
  113  8:26  Marine  
  122  8:28  SCV x2, Marine x2  
  122  8:31  Siege Tank  
  129  8:34  SCV  
  129  8:35  Refinery  
  129  8:37  Refinery  
  129  8:38  Marauder  
  129  8:40  SCV  
  133  8:42  SCV  
  133  8:44  Missile Turret, Marine  
  133  8:45  Marine  
  133  8:46  SCV, Marine  
  139  8:49  Factory  
  139  8:52  SCV, Marauder  
  139  8:55  SCV  
  142  8:56  Supply Depot  
  142  8:57  Barracks Reactor  
  142  8:59  Marine, SCV  
  142  9:02  Marine  
  144  9:03  Siege Tank, Marine x2  
  144  9:04  SCV  
  144  9:05  Armory  
  144  9:07  SCV  
  151  9:13  Supply Depot  
  151  9:14  Supply Depot  
  153  9:17  Marauder  
  153  9:20  Marauder, Marine  
  156  9:26  Supply Depot  
  156  9:29  Marine x2  
  142  9:34  Ghost Academy  
  142  9:35  Siege Tank  
  142  9:37  Factory Tech Lab  
  145  9:39  Liberator, SCV, Marauder  
  145  9:40  Liberator  
  145  9:44  Marine x2  
  158  9:47  Command Center  
  158  9:50  Marauder  
  158  9:51  Marine  
  161  9:55  Terran Infantry Armor Level 2  
  158  10:03  Supply Depot  
  158  10:05  Terran Infantry Weapons Level 2  
  158  10:06  Marine  
  158  10:07  Siege Tank, Marine  
  159  10:13  Siege Tank  
  166  10:19  Supply Depot  
  166  10:29  Ghost  
  166  10:33  Marauder  
  168  10:36  Barracks  
  168  10:38  Barracks, SCV x3  
  168  10:39  Ghost  
  168  10:40  Siege Tank, Supply Depot  
  176  10:50  SCV  
  176  10:51  Siege Tank  
  176  10:53  Ghost  
  181  10:58  Marine x2  
  181  10:59  Marauder  
  181  11:03  Marine  
  179  11:08  Marauder  
  178  11:14  Marine  
  178  11:16  Marine x2  
  175  11:20  Marauder  
  175  11:21  SCV, Marine  
  175  11:22  Ghost  
  173  11:26  SCV  
  173  11:30  Marauder  
  173  11:32  Marine  
  174  11:34  SCV, Marine x2  
  174  11:35  Siege Tank  
  174  11:37  Barracks x2  
  174  11:38  Siege Tank, Marine  
  174  11:39  Barracks  
  183  11:41  Barracks Tech Lab, Marauder  
  183  11:43  SCV  
  186  11:50  Ghost, Refinery  
  186  11:51  Marauder  
  186  11:53  Planetary Fortress  
  190  11:54  Refinery  
  190  11:56  SCV x2  
  190  11:59  Liberator  
  195  12:03  Missile Turret, Marauder  
  195  12:05  Barracks Tech Lab  
  195  12:07  Siege Tank  
  200  12:12  Missile Turret  
  200  12:23  Terran Infantry Weapons Level 3  
  200  12:35  Terran Infantry Armor Level 3  
  200  12:37  Command Center  
  200  12:38  Command Center  
  200  12:42  Ghost x2  
  200  12:50  Siege Tank  
  199  12:56  Ghost  
  199  12:57  Marine x3  
  199  12:58  Barracks Tech Lab, Marauder  
  194  12:59  Barracks Tech Lab  
  194  13:02  Marine  
  195  13:07  Barracks Reactor  
  195  13:11  Marauder x2  
  199  13:15  Marine  
  199  13:19  Marauder  
  190  13:25  Marauder  
  190  13:26  Siege Tank, Ghost  
  193  13:29  Marine  
  193  13:31  Liberator  
  193  13:32  Marine  
  193  13:33  Marauder  
  197  13:42  Liberator  
  197  13:46  Marine  
  197  13:49  Ghost  
  197  13:52  SCV  
  197  13:53  Ghost  
  198  13:59  Orbital Command  
  198  14:07  Refinery  
  198  14:09  Command Center  
  190  14:11  Fusion Core, Command Center, Refinery  
  190  14:14  Medivac  
  188  14:19  Marine  
  188  14:20  Marauder  
  188  14:21  Marine  
  188  14:22  Marauder x2, Marine x3  
  169  14:25  Marauder, Medivac, Marine, Siege Tank  
  169  14:26  Marauder  
  158  14:31  Marauder  
  134  14:39  Marine  
  134  14:41  Marauder  
  134  14:42  Planetary Fortress  
  134  14:44  Liberator, Marauder  
  134  14:46  Ghost  
  134  14:49  Marine x3  
  134  14:52  SCV x3  
  144  14:55  Personal Cloaking  
  144  14:59  Caduceus Reactor, Marauder x2, Marine x2  
  146  15:03  Marine x2  
  147  15:07  Ghost  
  147  15:09  Marine  
  151  15:14  Marine  
  151  15:16  Marine x2, Marauder  
  151  15:17  Marine  
  151  15:20  SCV x2  
  151  15:21  SCV  
  161  15:28  Ghost  
  164  15:29  Marauder  
  164  15:30  Medivac x2  
  164  15:34  Marauder x2  
  170  15:37  Marauder x2  
  170  15:42  Sensor Tower  
  174  15:44  Siege Tank, Sensor Tower  
  174  15:46  Siege Tank  
  177  15:53  Sensor Tower  
  177  15:55  Marauder  
  181  15:57  Marine x2, SCV  
  181  16:00  Marine x2  
  184  16:09  SCV  
  182  16:12  Sensor Tower  
  182  16:16  Siege Tank  
  183  16:18  Siege Tank  
  183  16:19  Marauder  
  183  16:22  Marauder  
  183  16:23  Marauder  
  186  16:29  Marauder  
  186  16:31  Marauder  
  186  16:32  Liberator  
  190  16:33  Marine, Marauder  
  190  16:34  Marine x2  
  190  16:35  Marine x3  
  190  16:38  Orbital Command  
  174  16:40  Marauder  
  174  16:43  Liberator, Marauder  
  174  16:44  Marauder  
  178  16:48  Siege Tank  
  178  16:50  Siege Tank  
  178  16:51  Marine x2, Marauder  
  178  16:52  Marine x3, Marauder  
  191  16:54  Marine, Marauder  
  191  17:02  SCV, Marauder  
  191  17:04  Marine  
  191  17:05  Marine  
  191  17:07  SCV x3  
  193  17:12  Marauder  
  193  17:13  Marauder  
  193  17:14  Marine  
  189  17:18  Marine x2  
  189  17:20  Marine  
  189  17:22  Marauder  
  191  17:23  Marauder, SCV  
  191  17:24  SCV, Marauder  
  191  17:26  Marauder  
  195  17:34  Medivac, Marauder  
  195  17:35  Marauder  
  179  17:40  Marine  
  179  17:42  Marine  
  179  17:43  Planetary Fortress  
  179  17:44  Marauder  
  147  17:45  SCV, Marauder x2  
  147  17:47  Marauder  
  147  17:50  Marine  
  146  17:52  Medivac  
  146  17:55  Marauder  
  146  17:56  Marauder  
  146  17:58  Siege Tank  
  155  18:04  Medivac  
  155  18:05  Marauder  
  141  18:06  Marauder x2  
  141  18:08  Marauder  
  141  18:12  Marine  
  149  18:13  Marine  
  149  18:14  Nuke  
  149  18:16  Marauder, SCV x4  
  149  18:18  SCV  
  159  18:22  Infernal Pre-Igniter, Marine  
  156  18:28  SCV  
  156  18:29  Ghost  
  156  18:30  Marine x2  
  162  18:34  Marine  
  162  18:36  Factory  
  162  18:37  Barracks Tech Lab, Refinery  
  163  18:43  Siege Tank  
  163  18:44  Terran Vehicle Weapons Level 1, Siege Tank  
  166  18:51  Missile Turret  
  166  18:52  Missile Turret  
  166  18:56  Marine x2  
  163  19:04  Neosteel Armor  
  163  19:07  Ghost  
  155  19:10  SCV x2  
  155  19:11  Marine x2  
  155  19:15  Ghost  
  155  19:16  Siege Tank, Hellion, Marine x3  
  166  19:18  SCV x2  
  168  19:24  Nuke  
  168  19:28  Hellion, Refinery  
  168  19:29  Hellion  
  166  19:37  Hellion, Marauder  
  168  19:40  SCV  
  168  19:41  SCV  
  168  19:48  Hellion  
  168  19:50  Hellion x2, SCV  
  168  19:51  SCV  
  177  19:58  Siege Tank  
  174  20:09  Hellion  
  174  20:11  Hellion x2, Marauder x4  
  174  20:12  Marauder x3  
  192  20:16  Marine  
  190  20:25  Marine  
  190  20:26  Marine  
  131  20:31  Hellion  
  131  20:32  Marauder x3  
  131  20:33  Marauder x2  
  119  20:35  Marauder  
  119  20:36  SCV x2  
  119  20:41  Marauder  
  102  20:47  Hellion  
  93  20:54  Marauder  
  89  21:06  Orbital Command  
  89  21:08  SCV  
  77  21:12  SCV  
  75  21:24  SCV  
  74  21:27  SCV  
  74  21:28  SCV